 Dungeon Crawl Stone Soup version 0.28.0-53-g5a82cb258f (webtiles) character file.

Game seed: 9069232714787721810

0 niche the Stinger (level 1, 0/13 HPs)
             Began as a Merfolk Venom Mage on May 25, 2022.
             Slain by a quokka (2 damage)
             ... on level 1 of the Dungeon.
             The game lasted 00:00:38 (43 turns).

niche the Stinger (Merfolk Venom Mage)                Turns: 43, Time: 00:00:39

Health: 0/13       AC:  2    Str:  8    XL:     1   Next: 10%
Magic:  3/3        EV: 12    Int: 14    God:
Gold:   0          SH:  0    Dex: 14    Spells: 3/4 levels left

rFire   . . .      SeeInvis .   (no weapon)
rCold   . . .      Faith    .   (no shield)
rNeg    . . .      Spirit   .   a - +0 robe
rPois   .          Reflect  .   (no helmet)
rElec   .          Harm     .   (no cloak)
rCorr   .          Rampage  .   (no gloves)
Will    .....                   (no boots)
Stlth   ++........              (no amulet)
HPRegen 0.04/turn               (no ring)
MPRegen 0.08/turn               (no ring)

@: no status effects
A: (nimble swimmer 2), mertail
a: no special abilities


You were on level 1 of the Dungeon.
You visited 1 branch of the dungeon, and saw 1 of its levels.

Inventory:

Armour
 a - a +0 robe (worn)


   Skills:
 + Level 2.6 Dodging
 + Level 2.1 Stealth
 + Level 2.0 Spellcasting
 + Level 1.3 Transmutations
 + Level 3.3 Poison Magic


You had 3 spell levels left.
You knew the following spells:

 Your Spells              Type           Power      Damage    Failure   Level
a - Sting                 Tmut/Pois      28%        1d4       9%          1

Your spell library contained the following spells:

 Spells                   Type           Power      Damage    Failure   Level
 Poisonous Vapours        Pois/Air       12%        N/A       19%         2
 Mephitic Cloud           Conj/Pois/Air  4%         N/A       41%         3
 Olgreb's Toxic Radiance  Pois           10%        N/A       52%         4


Dungeon Overview and Level Annotations

Branches:
Dungeon (1/15)

Altars:


Innate Abilities, Weirdness & Mutations

((You are very nimble when in or above water. (Stealth+, EV+, Speed+++)))
Your lower body shifts to a powerful aquatic tail in water.


Message History

There is a large open door here.
Found 8 gold pieces.
A ball python and a quokka come into view.
You closely miss the ball python. The ball python closely misses you.
The ball python grabs you. The ball python constricts you.
You barely miss the ball python. Your punch misses the ball python.
The ball python closely misses you. The ball python constricts you.
You hit the ball python.
The ball python is moderately wounded.
The ball python bites you. The ball python constricts you.
You barely miss the ball python.
The ball python is moderately wounded.
The bat hits you but does no damage. The ball python barely misses you.
The ball python constricts you. The bat barely misses you.
The ball python barely misses you. The ball python constricts you.
You closely miss the ball python.
The ball python is moderately wounded.
The bat barely misses you.
The ball python bites you but does no damage.
The ball python constricts you.
You hit the ball python.
You kill the ball python!
The bat hits you. The bat hits you but does no damage.
Found a dark potion and a ring mail.
The bat completely misses you.
You see here a ball python corpse.
The bat hits you but does no damage. The bat hits you but does no damage.
The ball python closely misses you. The ball python grabs you.
The ball python constricts you. The quokka bites you.
The ball python bites you but does no damage.
The ball python constricts you.
You escape the ball python's grasp.
The bat hits you but does no damage. The quokka closely misses you.
You see here a +0 hunting sling.
The bat hits you but does no damage. The quokka barely misses you.
The ball python bites you.
* * * LOW HITPOINT WARNING * * *
The ball python closely misses you. The quokka bites you.
You die...

#..................
#.................
.###................
....................
....................
...........†........
#####..bS....>.....#
........r..........#
.######@.##''##.....
#..##8..8##....
....###..### ..#
....#.#÷+..+÷# .
######.###..###
#.#8....8#
#.###..###
..#÷+..+÷# ###..###


You could see a quokka, a bat and a ball python.

Vanquished Creatures
  A ball python (D:1)
1 creature vanquished.

Notes
Turn   | Place    | Note
-------+----------+-------------------------------------------
     0 | D:1      | niche the Merfolk Venom Mage began the quest for the Orb.
     0 | D:1      | Reached XP level 1. HP: 13/13 MP: 3/3
    43 | D:1      | Slain by a quokka

Illustrated notes

Levels and vault maps discovered:
D:1:      wander_arrival_abandoned_jail, layout_rooms

Action                   || total
-------------------------++-------
Melee: Unarmed           ||     6
Armor: Robe              ||     8
Dodge: Dodged            ||    11
